AoeStats
← ionatan

Golden Pit

509546704Analyzed
1v1 RM · 5d ago on Sep 27, 2026· 34m 41s· 2 players
Game mode
Random Map
Map size
Tiny (2 player)
Population
200
Speed
Normal
Resources
Standard
Victory
Conquest
Starting age
Dark Age
Ending age
Imperial Age
RankedLock teamsTeams togetherTeam positionsShared explorationLock speedFull tech treeHidden civsTurbo modeCheats
Victory
Defeat
🇨🇳 Spanish · China
969
+18
🇦🇷 Burmese · Argentina
1003
-18
八十万禁军教头
6:40 Loom
9:26 Feudal Age
12:26 Double-Bit Axe
13:46 Forging
13:36 Loom
14:50 Horse Collar
17:23 Scale Barding Armor
17:34 Bloodlines
22:01 Castle Age
21:25 Wheelbarrow
20:46 Gold Mining
26:15 Husbandry
29:52 Stone Mining
30:03 Heavy Plow
31:13 Chain Barding Armor
31:28 Iron Casting
31:13 Chain Barding Armor
31:28 Iron Casting
31:13 Chain Barding Armor
33:43 Guard Tower
34:14 Ballistics
37:48 Imperial Age
ionatan
12:18 Feudal Age
10:55 Loom
12:54 Horse Collar
19:41 Castle Age
20:20 Pikeman
24:47 Town Watch
25:41 Squires
26:35 Wheelbarrow
27:26 Gold Mining
27:34 Stone Mining
28:47 Fletching
28:59 Padded Archer Armor
30:07 Scale Mail Armor
31:07 Forging
31:51 Light Cavalry
32:33 Husbandry
33:43 Bloodlines
33:27 Elite Skirmisher
34:30 Bodkin Arrow
Connection lost

Rejoining the realm…

Still unreachable

The connection could not be restored.

Session expired

The server has moved on; the page needs a fresh start.